 Dungeon Crawl Stone Soup version 0.17.1-2-g5865329 (webtiles) character file.

5054 seren the Basher (level 10, -8/92 HPs)
             Began as a Troll Berserker on Jan 29, 2016.
             Was a High Priest of Trog.
             Mangled by a troll (14 damage)
             ... on level 9 of the Dungeon on Jan 31, 2016.
             The game lasted 01:04:25 (8967 turns).

seren the Basher (Troll Berserker)                  Turns: 8967, Time: 01:04:25

Health: -8/92      AC:  6    Str: 29    XL:     10   Next: 31%
Magic:  9/9        EV: 10    Int:  4    God:    Trog [*****.]
Gold:   732        SH:  0    Dex:  9    Spells: 0 memorised, 9 levels left

rFire  . . .     SeeInvis .     a - +2 whip (elec)
rCold  . . .     Clarity  .     C - +0 animal skin
rNeg   . . .     SustAt   .     (no shield)
rPois  .         Gourm    +     (helmet restricted)
rElec  .         Spirit   .     v - +0 cloak
rCorr  .         Warding  .     (gloves unavailable)
rMut   +         Stasis   .     (boots unavailable)
MR     ++...                    T - amulet of resist mutation
Stlth  +.........               i - ring of protection from magic
                                y - ring of protection from magic

@: exhausted, very resistant to hostile enchantments, very unstealthy
A: unfitting armour, claws 3, fast metabolism 3, gourmand, regeneration 2,
shaggy fur 1, tough skin 2
a: Berserk, Trog's Hand, Brothers in Arms, Burn Spellbooks, Renounce Religion


You were on level 9 of the Dungeon.
You worshipped Trog.
Trog was extremely pleased with you.
You were very full.

You visited 2 branches of the dungeon, and saw 11 of its levels.
You also visited: Ossuary and Bailey.

You collected 732 gold pieces.

Inventory:

Hand Weapons
 a - a +2 whip of electrocution (weapon)
 B - a +1 mace of protection
 L - a +1 morningstar
Missiles
 p - 191 stones
 w - 2 large rocks
 W - 18 tomahawks of returning (quivered)
Armour
 v - a +0 cloak (worn)
 C - a +0 animal skin (worn)
Jewellery
 d - an uncursed ring of invisibility
 i - a ring of protection from magic (right claw)
 r - an uncursed ring of positive energy
 s - an uncursed ring of positive energy
 y - a ring of protection from magic (left claw)
 T - an amulet of resist mutation (around neck)
Wands
 b - a wand of fire (7)
 t - a wand of confusion (26)
 u - a wand of paralysis (17)
 D - a wand of fireball (5)
 J - a wand of teleportation (5)
 M - a wand of digging (6)
Scrolls
 f - 4 scrolls of teleportation
 g - 3 scrolls of identify
 h - a scroll of enchant armour {unknown}
 j - a scroll of enchant weapon {unknown}
 k - 2 scrolls of blinking {unknown}
 m - 3 scrolls of remove curse
 q - 3 scrolls of fog
 G - 2 scrolls of random uselessness {unknown}
 H - a scroll of holy word {unknown}
 I - 4 scrolls of recharging
 P - a scroll of fear {unknown}
 Y - a scroll of acquirement {unknown}
 Z - a scroll of amnesia {unknown}
Potions
 n - a potion of degeneration {unknown}
 o - a potion of agility {unknown}
 z - a potion of heal wounds {unknown}
 A - a potion of might {unknown}
 F - 5 potions of curing
 K - a potion of flight {unknown}
 O - a potion of poison {unknown}
 Q - 2 potions of cancellation {unknown}
Comestibles
 c - 7 bread rations
 l - 5 meat rations
 R - 3 slices of pizza
 U - 2 chunks of flesh


   Skills:
 + Level 3.7 Fighting
 + Level 12.4 Maces & Flails
 + Level 2.8 Throwing
 + Level 2.6 Armour
 + Level 3.9 Dodging


You had 9 spell levels left.
You didn't know any spells.

Dungeon Overview and Level Annotations

Branches:
Dungeon (10/15)            Temple (1/1) D:4
   Lair: D:8-11         Orc: D:9-12

Altars:
Ashenzari
Cheibriados
Dithmenos
Elyvilon
Fedhas
Gozag
Kikubaaqudgha
Makhleb
Nemelex Xobeh
Okawaru
Qazlal
Ru
Sif Muna
Trog
Vehumet
Xom
Yredelemnul
Zin
The Shining One


Innate Abilities, Weirdness & Mutations

You are too large for most types of armour.
You have claws for hands.
Your metabolism is lightning-fast.
You like to eat raw meat.
You heal very quickly.
You are covered in fur (AC +1).
You have very tough skin (AC +2).


Message History

* * * LOW HITPOINT WARNING * * *
The troll claws you.
* * * LOW HITPOINT WARNING * * *
The troll claws you but does no damage.
You're too exhausted to go berserk.
You closely miss the troll.
The troll is severely wounded.
You barely miss the troll.
The troll is severely wounded.
The troll bites you.
* * * LOW HITPOINT WARNING * * *
The troll claws you.
* * * LOW HITPOINT WARNING * * *
The troll barely misses you.
You closely miss the troll.
The troll is severely wounded.
You barely miss the troll.
The troll is severely wounded.
The troll bites you!
You die...

#...........# ............#
.# #######'##### #.# #..#
####.##### ##.#
#.........## #.#
#.≈≈≈≈≈≈≈..####.#####
######.≈#####≈.<.........#
##...†..≈#...#≈.@.........#
...####.≈#.∩.#≈.T.........#
.### #.≈#...#≈...........#
## #.≈##.##≈...........#
#.≈≈≈≈≈)≈...........#
#...)....)..........#
####................#
####.............#
###.###########


You could see a troll.

Vanquished Creatures
  Pikel (D:7)
  Maurice (D:8)
  Psyche (D:8)
  Prince Ribbit (D:9)
  4 orc warriors
  A sky beast (D:9)
  2 phantoms
  An ice beast (D:6)
  2 black bears
  A necrophage (D:6)
  4 ogres
  A crocodile (D:8)
  A centaur (D:7)
  2 giant frogs
  A big kobold (D:7)
  2 scorpions
  3 wights (D:5)
  4 killer bees
  A quasit (D:7)
  7 crimson imps
  11 orc wizards
  A jelly (D:5)
  A centaur zombie (D:6)
  2 hounds
  A giant frog zombie (D:5)
  4 orc priests
  A giant frog skeleton (D:5)
  Natasha (thrice) (D:3)
  An iguana (D:6)
  7 worker ants
  A killer bee zombie (D:6)
  5 big kobold zombies (Ossuary)
  7 mummies
  A worker ant zombie (D:6)
  12 adders
  3 gnolls
  3 shadow imps
  An ooze (D:3)
  2 adder skeletons
  3 worms
  42 orcs
  7 bats
  9 giant cockroaches
  9 goblins
  9 hobgoblins
  7 jackals
  20 kobolds
  6 quokkas
  A ball python (D:1)
  6 giant geckos
  5 giant newts
  2 hobgoblin zombies
  A kobold zombie (D:5)
  2 orc zombies
  13 rats
250 creatures vanquished.

Vanquished Creatures (others)
  A slave (D:7)
  A sky beast (D:7)
  An adder (D:7)
  A fungus (D:9)
  2 plants (D:9)
6 creatures vanquished.

Grand Total: 256 creatures vanquished

Notes
Turn   | Place    | Note
--------------------------------------------------------------
     0 | D:1      | seren the Troll Berserker began the quest for the Orb.
     0 | D:1      | Reached XP level 1. HP: 22/22 MP: 0/0
   139 | D:1      | Reached skill level 3 in Maces & Flails
   233 | D:1      | Reached XP level 2. HP: 29/29 MP: 1/1
   879 | D:2      | Reached XP level 3. HP: 28/36 MP: 2/2
   963 | D:2      | Reached ** piety under Trog
  1002 | D:2      | Reached skill level 4 in Maces & Flails
  1072 | D:1      | Reached XP level 4. HP: 17/44 MP: 3/3
  1641 | D:3      | Reached skill level 5 in Maces & Flails
  1641 | D:3      | Reached XP level 5. HP: 50/50 MP: 4/4
  1645 | D:3      | Reached *** piety under Trog
  1965 | D:3      | Noticed Natasha
  1970 | D:3      | Killed Natasha
  2067 | D:3      | Noticed Natasha
  2087 | D:3      | Killed Natasha
  2303 | D:3      | Reached skill level 6 in Maces & Flails
  2464 | D:3      | Noticed Natasha
  2467 | D:3      | Killed Natasha
  2506 | D:3      | Reached XP level 6. HP: 59/59 MP: 5/5
  2789 | D:4      | Found a staircase to the Ecumenical Temple.
  2795 | Temple   | Entered the Ecumenical Temple
  3266 | D:4      | Reached **** piety under Trog
  3360 | D:4      | Reached skill level 7 in Maces & Flails
  3486 | D:4      | Found a sacrificial altar of Ru.
  3538 | D:4      | Found an iron altar of Okawaru.
  3558 | D:5      | Entered Level 5 of the Dungeon
  3782 | D:5      | Reached XP level 7. HP: 42/66 MP: 6/6
  3962 | D:5      | Found a sand-covered staircase.
  3966 | Ossuary  | Entered an ossuary
  4175 | Ossuary  | Reached skill level 8 in Maces & Flails
  4733 | D:5      | Found a blossoming altar of Fedhas.
  4950 | D:5      | Reached XP level 8. HP: 38/74 MP: 7/7
  4953 | D:5      | Reached skill level 9 in Maces & Flails
  5381 | D:6      | Reached skill level 10 in Maces & Flails
  6110 | D:6      | Reached XP level 9. HP: 80/80 MP: 8/8
  6122 | D:6      | Reached skill level 11 in Maces & Flails
  6530 | D:7      | Found a sparkling altar of Nemelex Xobeh.
  6542 | D:7      | Reached ***** piety under Trog
  6864 | D:7      | Noticed Pikel
  6897 | D:7      | Killed Pikel
  6897 | D:7      | Reached skill level 12 in Maces & Flails
  7049 | D:7      | Reached skill level 1 in Throwing
  7378 | D:8      | Found a white marble altar of Elyvilon.
  7416 | D:8      | Reached skill level 1 in Armour
  7511 | D:8      | Noticed Psyche
  7519 | D:8      | Killed Psyche
  7646 | D:8      | Received a gift from Trog
  7716 | D:8      | Noticed Maurice
  7731 | D:8      | Killed Maurice
  7731 | D:8      | Reached XP level 10. HP: 89/91 MP: 9/9
  8145 | D:10     | Entered Level 10 of the Dungeon
  8159 | D:9      | Noticed Prince Ribbit
  8177 | D:9      | Killed Prince Ribbit
  8304 | D:9      | Found a flagged portal.
  8368 | Bailey   | Entered a bailey
  8507 | Bailey   | Identified the Reference Book on Clay
  8583 | Bailey   | Found a burning altar of Makhleb.
  8967 | D:9      | Mangled by a troll

Action                   |  1- 3 |  4- 6 |  7- 9 | 10-12 || total
-------------------------+-------+-------+-------+-------++-------
Melee: Mace              |   110 |   198 |   372 |       ||   680
       Whip              |       |    85 |   219 |   148 ||   452
Throw: Stone             |       |     9 |     3 |       ||    12
       Tomahawk          |       |       |       |    14 ||    14
Invok: Berserk           |     2 |     8 |    10 |     1 ||    21
       Burn Spellbooks   |       |       |     1 |     1 ||     2
       Trog's Hand       |       |       |     4 |     3 ||     7
  Use: Scroll            |       |     3 |     3 |     3 ||     9
       Potion            |       |       |       |     1 ||     1
 Stab: Sleeping          |     2 |       |       |       ||     2
  Eat: Chunk             |    16 |    33 |    39 |    13 ||   101
       Bread ration      |       |       |     1 |       ||     1
       Meat ration       |       |       |     1 |       ||     1
